Penguins vs Coyotes
(R1)
Created - May 15, 2020 at 19:13
Goals
|
| Penguins |
0 |
3 |
1 |
4 |
| Coyotes |
1 |
0 |
4 |
5 |
|
Shots
|
| Penguins |
6 |
12 |
12 |
30 |
| Coyotes |
4 |
13 |
19 |
36 |
|
1st period
1. Coyotes , Nazem Kadri 14 (Michael Del Zotto 33) at 0:58 (SH)
Penalties :
Anton Stralman (Ari) for Unsportsmanlike conduct (Minor) at 0:22, Zach Parise (Ari) for Holding (Minor) at 5:54, Josh Gorges (Ari) for Hooking (Minor) at 11:07, Steven Stamkos (Pit) for Slashing (Minor) at 16:00
2nd period
2. Penguins , Claude Giroux 52 (Victor Hedman 28, Danny DeKeiser 15) at 1:16
3. Penguins , Tomas Plekanec 9 (Ales Hemsky 10, Steven Stamkos 65) at 6:56
4. Penguins , Steven Stamkos 40 (Danny DeKeiser 16, Dustin Brown 17) at 18:36
Penalties :
Andrew Cogliano (Pit) for Holding (Minor) at 8:04
3rd period
5. Coyotes , Zach Parise 33 (Brad Richards 40, Anton Stralman 26) at 2:34 (PP)
6. Coyotes , Josh Gorges 3 (Michael Del Zotto 34, Evgeny Artyukhin 14) at 17:32 (PP)
7. Penguins , Joe Colborne 12 (Cal Clutterbuck 9, Sean Zimmerman 34) at 17:48
8. Coyotes , Tyler Ennis 34 (Anton Stralman 27) at 17:54
9. Coyotes , Zach Parise 34 (Tyler Ennis 35, Anton Stralman 28) at 18:07
Penalties :
Andrew Cogliano (Pit) for Hooking (Minor) at 1:57, Zach Parise (Ari) for High sticking (Minor) at 6:11, Evgeny Artyukhin (Ari) for Holding (Minor) at 13:50, Matt Corrente (Pit) for High sticking (Minor) at 16:10
Goalie Stats
Michal Neuvirth (Pit), 31 saves from 36 shots - (0.861), L, 39-25-5, 58:56 minutes
Maxime Daigneault (Ari), 26 saves from 30 shots - (0.867), W, 36-20-3, 60:00 minutes
Players Stats for Penguins
Player Name G A P +/- PIM S H SB GA TA FO MP PP MP PK MP
------------------------------------------------------------------------------------
Ales Hemsky 0 1 1 1 0 1 1 0 0 0 0/0 6:42 0:00 0:00
Andrew Cogliano 0 0 0 1 4 2 0 1 1 0 2/2 21:02 5:18 0:31
Cal Clutterbuck 0 1 1 -1 0 0 1 0 0 0 0/0 11:54 0:00 1:23
Claude Giroux 1 0 1 1 0 3 2 2 1 0 2/8 20:43 5:18 3:47
Danny DeKeiser 0 2 2 1 0 1 0 2 0 0 0/0 19:38 4:29 2:04
Dustin Brown 0 1 1 0 0 3 0 1 0 0 1/1 19:25 4:37 0:00
Eric Gryba 0 0 0 1 0 0 0 1 0 0 0/0 13:21 0:00 2:18
Joe Colborne 1 0 1 -1 0 2 1 1 0 0 3/10 10:43 0:00 0:12
Keith Aulie 0 0 0 -1 0 2 1 4 1 0 0/0 29:05 5:26 3:39
Logan Couture 0 0 0 0 0 4 3 0 1 1 4/13 16:40 4:37 1:05
Marcus Foligno 0 0 0 -1 0 2 0 0 0 0 0/1 11:13 0:00 0:20
Matt Corrente 0 0 0 1 2 0 4 0 0 0 0/0 10:55 0:00 0:00
Sean Bergenheim 0 0 0 0 0 3 3 0 1 0 1/2 20:00 4:37 3:43
Sean Zimmerman 0 1 1 -2 0 0 1 4 0 1 0/0 26:04 4:11 3:39
Steven Stamkos 1 1 2 1 2 5 8 1 0 0 19/30 22:14 5:18 0:53
Tomas Plekanec 1 0 1 1 0 2 0 0 0 1 1/4 6:42 0:00 0:00
Tuomo Ruutu 0 0 0 1 0 0 0 0 0 0 0/0 6:42 0:00 0:00
Victor Hedman 0 1 1 2 0 0 0 2 0 0 0/0 20:56 5:44 0:14
Players Stats for Coyotes
Player Name G A P +/- PIM S H SB GA TA FO MP PP MP PK MP
------------------------------------------------------------------------------------
Andrew MacDonald 0 0 0 -1 0 1 0 0 0 0 0/0 10:09 0:00 3:02
Anton Stralman 0 3 3 -1 2 2 2 1 0 1 0/0 26:40 4:14 3:16
Brad Richards 0 1 1 -1 0 2 2 0 0 0 7/13 19:11 2:02 4:18
Chris Stewart 0 0 0 -1 0 3 0 0 0 0 0/1 20:03 3:55 0:00
Evgeny Artyukhin 0 1 1 -2 2 0 2 0 0 0 1/1 15:04 2:02 0:00
Jamie Arniel 0 0 0 -1 0 2 1 0 0 0 6/8 12:38 0:10 0:00
Josh Gorges 1 0 1 1 2 2 0 0 0 1 0/0 17:22 1:43 3:37
Kristopher Letang 0 0 0 -1 0 1 2 1 0 2 0/0 28:08 4:14 4:43
Logan Shaw 0 0 0 -1 0 1 2 0 0 0 0/0 12:06 0:00 0:00
Martin Samuelsson 0 0 0 -1 0 4 0 0 0 0 1/1 13:57 0:00 2:12
Matt Donovan 0 0 0 0 0 0 1 0 0 0 0/0 5:47 0:00 0:46
Michael Del Zotto 0 2 2 1 0 3 1 0 1 0 0/0 18:12 1:43 4:26
Mike Weber 0 0 0 0 0 0 0 0 0 0 0/0 5:51 0:00 0:00
Nazem Kadri 1 0 1 0 0 3 1 0 2 1 18/31 23:34 3:55 3:07
Ramzi Abid 0 0 0 1 0 0 1 1 0 0 0/0 6:21 0:00 2:25
Thomas Hickey 0 0 0 -1 0 0 0 0 0 0 0/0 7:53 0:00 0:00
Tyler Ennis 1 1 2 2 0 6 0 1 0 0 5/14 26:45 3:45 4:55
Zach Parise 2 0 2 0 4 6 1 0 0 0 0/2 20:19 2:02 2:53
3 Stars
1 - Steven Stamkos (Pit)
2 - Tyler Ennis (Ari)
3 - Claude Giroux (Pit)
Power Play
Penguins - 0 on 5 Attempt(s) - 0.00%
Coyotes - 2 on 4 Attempt(s) - 50.00%
Penalty Kill
Penguins - 2 on 4 Attempt(s) - 50.00%
- Score 0 goal in Penalty Kill
Coyotes - 5 on 5 Attempt(s) - 100.00%
- Score 1 goal in Penalty Kill
Team Stat
Penguins - Hits : 25 - Faceoff Wins : 33 - Blocked Shots : 19 - Penalty Minutes : 8
Coyotes - Hits : 16 - Faceoff Wins : 38 - Blocked Shots : 4 - Penalty Minutes : 10
Official
Referees : Unknown
Linesman : Unknown
Game Notes
6:56 of 2nd period - Penguins goal is going for a video replay. After video review, Goal.
Finance
Level 1 -- Attendance: 5793 (96.55%) -- Ticket Income $608,265
Level 2 -- Attendance: 5000 (100.00%) -- Ticket Income $325,000
Level 3 -- Attendance: 2000 (100.00%) -- Ticket Income $80,000
Level 4 -- Attendance: 3434 (85.85%) -- Ticket Income $103,020
Luxury Box -- Attendance: 963 (96.30%) -- Ticket Income $173,340
Game was played at the The Pack Center.
Total Attendance: 17190 (95.50%)
Total Ticket Income: $1,289,625
Other Income: $193,444
Total Income: $1,483,069
Penguins
5 vs 5 Forward
Center Left Wing Right Wing Time % Phy DF OF
1 Steven Stamkos Andrew Cogliano Dustin Brown 40 0 2 3
2 Logan Couture Sean Bergenheim Claude Giroux 30 0 2 3
3 Joe Colborne Marcus Foligno Cal Clutterbuck 20 0 2 3
4 Tomas Plekanec Tuomo Ruutu Ales Hemsky 10 0 2 3
5 vs 5 Defense
Defense Defense Time % Phy DF OF
1 Sean Zimmerman Keith Aulie 40 1 2 2
2 Danny DeKeiser Victor Hedman 30 1 2 2
3 Eric Gryba Matt Corrente 20 1 2 2
4 Sean Zimmerman Keith Aulie 10 1 2 2
PowerPlay Forward
Center Left Wing Right Wing Time % Phy DF OF
1 Steven Stamkos Andrew Cogliano Claude Giroux 60 0 0 5
2 Logan Couture Sean Bergenheim Dustin Brown 40 0 0 5
PowerPlay Defense
Defense Defense Time % Phy DF OF
1 Victor Hedman Keith Aulie 60 0 1 4
2 Sean Zimmerman Danny DeKeiser 40 0 1 4
Penalty Kill 4 Players Forward
Center Wing Time % Phy DF OF
1 Claude Giroux Sean Bergenheim 60 0 5 0
2 Steven Stamkos Cal Clutterbuck 40 0 5 0
Penalty Kill 4 Players Defense
Defense Defense Time % Phy DF OF
1 Sean Zimmerman Keith Aulie 60 1 4 0
2 Danny DeKeiser Eric Gryba 40 1 4 0
Penalty Kill - 3 Players Forward
Forward Time % Phy DF OF
1 Claude Giroux 60 0 5 0
2 Steven Stamkos 40 0 5 0
Penalty Kill - 3 Players Defense
Defense Defense Time % Phy DF OF
1 Sean Zimmerman Keith Aulie 60 1 4 0
2 Danny DeKeiser Eric Gryba 40 1 4 0
4 vs 4 Forward
Center Wing Time % Phy DF OF
1 Steven Stamkos Andrew Cogliano 60 0 2 3
2 Claude Giroux Sean Bergenheim 40 0 2 3
4 vs 4 Defense
Defense Defense Time % Phy DF OF
1 Sean Zimmerman Keith Aulie 60 1 2 2
2 Danny DeKeiser Victor Hedman 40 1 2 2
Last Minutes Offensive
Center Left Wing Right Wing Defense Defense
Steven Stamkos Sean Bergenheim Claude Giroux Victor Hedman Keith Aulie
Last Minutes Defensive
Center Left Wing Right Wing Defense Defense
Steven Stamkos Sean Bergenheim Claude Giroux Sean Zimmerman Keith Aulie
Goaltenders
Starting : Michal Neuvirth
Backup : Sergei Bobrovsky
Extra Forwards
Normal : Claude Giroux, Steven Stamkos, Marcus Foligno - PP : Claude Giroux, Steven Stamkos - PK : Claude Giroux
Extra Defensemen
Normal : Sean Zimmerman, Danny DeKeiser, Eric Gryba - PP : Victor Hedman - PK : Sean Zimmerman, Danny DeKeiser
Penalty Shots
Claude Giroux, Steven Stamkos, Sean Bergenheim, Andrew Cogliano, Marcus Foligno
Scratches
Michael Raffl (Healthy)
Coyotes
5 vs 5 Forward
Center Left Wing Right Wing Time % Phy DF OF
1 Nazem Kadri Tyler Ennis Chris Stewart 40 1 2 2
2 Brad Richards Zach Parise Evgeny Artyukhin 30 1 2 2
3 Jamie Arniel Martin Samuelsson Logan Shaw 20 1 2 2
4 Tyler Ennis Ramzi Abid Zach Parise 10 1 2 2
5 vs 5 Defense
Defense Defense Time % Phy DF OF
1 Kristopher Letang Anton Stralman 40 1 2 2
2 Josh Gorges Michael Del Zotto 30 1 2 2
3 Thomas Hickey Andrew MacDonald 20 1 2 2
4 Matt Donovan Mike Weber 10 1 2 2
PowerPlay Forward
Center Left Wing Right Wing Time % Phy DF OF
1 Nazem Kadri Tyler Ennis Chris Stewart 60 1 2 2
2 Brad Richards Zach Parise Evgeny Artyukhin 40 1 2 2
PowerPlay Defense
Defense Defense Time % Phy DF OF
1 Kristopher Letang Anton Stralman 60 1 2 2
2 Josh Gorges Michael Del Zotto 40 1 2 2
Penalty Kill 4 Players Forward
Center Wing Time % Phy DF OF
1 Tyler Ennis Zach Parise 60 1 2 2
2 Nazem Kadri Brad Richards 40 1 2 2
Penalty Kill 4 Players Defense
Defense Defense Time % Phy DF OF
1 Kristopher Letang Anton Stralman 60 1 2 2
2 Josh Gorges Michael Del Zotto 40 1 2 2
Penalty Kill - 3 Players Forward
Forward Time % Phy DF OF
1 Tyler Ennis 60 1 2 2
2 Zach Parise 40 1 2 2
Penalty Kill - 3 Players Defense
Defense Defense Time % Phy DF OF
1 Kristopher Letang Anton Stralman 60 1 2 2
2 Josh Gorges Michael Del Zotto 40 1 2 2
4 vs 4 Forward
Center Wing Time % Phy DF OF
1 Tyler Ennis Zach Parise 60 1 2 2
2 Nazem Kadri Brad Richards 40 1 2 2
4 vs 4 Defense
Defense Defense Time % Phy DF OF
1 Kristopher Letang Anton Stralman 60 1 2 2
2 Josh Gorges Michael Del Zotto 40 1 2 2
Last Minutes Offensive
Center Left Wing Right Wing Defense Defense
Nazem Kadri Tyler Ennis Chris Stewart Kristopher Letang Anton Stralman
Last Minutes Defensive
Center Left Wing Right Wing Defense Defense
Nazem Kadri Tyler Ennis Chris Stewart Kristopher Letang Anton Stralman
Goaltenders
Starting : Maxime Daigneault
Backup : Thomas McCollum
Extra Forwards
Normal : Jamie Arniel, Martin Samuelsson, Ramzi Abid - PP : Jamie Arniel, Martin Samuelsson - PK : Ramzi Abid
Extra Defensemen
Normal : Thomas Hickey, Andrew MacDonald, Matt Donovan - PP : Thomas Hickey - PK : Andrew MacDonald, Matt Donovan
Penalty Shots
Tyler Ennis, Zach Parise, Nazem Kadri, Brad Richards, Chris Stewart
Scratches
Marian Gaborik (Lacerated Right Calf Injury), Eric Tangradi (Healthy), Nick Bonino (Healthy)
% Time on Ice - Penguins
Lines # - Real PCT - Wanted PCT - Time Play
Normal Forward
1 - 36% - 40% - 15:15
2 - 25% - 30% - 10:36
3 - 24% - 20% - 10:24
4 - 16% - 10% - 6:42
Normal Defense
1 - 41% - 40% - 17:35
2 - 30% - 30% - 12:44
3 - 25% - 20% - 10:56
4 - 4% - 10% - 1:42
PP Forward
1 - 53% - 60% - 5:18
2 - 47% - 40% - 4:37
PP Defense
1 - 58% - 60% - 5:44
2 - 42% - 40% - 4:11
PK Forward
1 - 77% - 60% - 4:34
2 - 23% - 40% - 1:23
PK Defense
1 - 65% - 60% - 3:53
2 - 35% - 40% - 2:04
PK3 Forward
1 - 0% - 60%
2 - 0% - 40%
PK3 Defense
1 - 0% - 60%
2 - 0% - 40%
44 Forward
1 - 0% - 60%
2 - 0% - 40%
44 Defense
1 - 0% - 60%
2 - 0% - 40%
Last Minute Offensive - 1:11
Last Minute Defensive - 0:00
Total
Forward - 60:00
Defense - 60:00
|
% Time on Ice - Coyotes
Lines # - Real PCT - Wanted PCT - Time Play
Normal Forward
1 - 36% - 40% - 15:35
2 - 30% - 30% - 12:56
3 - 28% - 20% - 11:55
4 - 6% - 10% - 2:31
Normal Defense
1 - 42% - 40% - 18:03
2 - 28% - 30% - 12:03
3 - 18% - 20% - 7:53
4 - 12% - 10% - 4:58
PP Forward
1 - 66% - 60% - 3:55
2 - 34% - 40% - 2:02
PP Defense
1 - 71% - 60% - 4:14
2 - 29% - 40% - 1:43
PK Forward
1 - 73% - 60% - 7:15
2 - 27% - 40% - 2:40
PK Defense
1 - 55% - 60% - 5:29
2 - 45% - 40% - 4:26
PK3 Forward
1 - 0% - 60%
2 - 0% - 40%
PK3 Defense
1 - 0% - 60%
2 - 0% - 40%
44 Forward
1 - 0% - 60%
2 - 0% - 40%
44 Defense
1 - 0% - 60%
2 - 0% - 40%
Last Minute Offensive - 0:00
Last Minute Defensive - 1:11
Total
Forward - 60:00
Defense - 60:00
|
Play-by-Play
1st period
0:01 of 1st period - Steven Stamkos wins face-off versus Nazem Kadri in neutral zone.
0:22 of 1st period - Minor Penalty to Anton Stralman for Unsportsmanlike conduct.
0:23 of 1st period - Claude Giroux wins face-off versus Tyler Ennis in Coyotes zone.
0:38 of 1st period - Wrist shot by Zach Parise.
0:38 of 1st period - Stopped by Michal Neuvirth without a rebound.
0:39 of 1st period - Nazem Kadri wins face-off versus Logan Couture in Penguins zone.
0:42 of 1st period - Wrist shot by Brad Richards.
0:42 of 1st period - Deflect By Nazem Kadri.
0:42 of 1st period - Shot Misses the Net.
0:42 of 1st period - Puck is out of play.
0:43 of 1st period - Nazem Kadri wins face-off versus Logan Couture in Penguins zone.
0:58 of 1st period - Wrist shot by Nazem Kadri.
0:58 of 1st period - Goal by Nazem Kadri - Penguins : 0 - Coyotes : 1.
0:59 of 1st period - Steven Stamkos wins face-off versus Tyler Ennis in neutral zone.
1:14 of 1st period - Zach Parise is hit by Steven Stamkos and loses puck.
1:37 of 1st period - Wrist shot by Keith Aulie.
1:37 of 1st period - Stopped by Maxime Daigneault with a rebound.
1:39 of 1st period - Slapshot by Sean Bergenheim.
1:39 of 1st period - Stopped by Maxime Daigneault without a rebound.
1:40 of 1st period - Logan Couture wins face-off versus Brad Richards in Coyotes zone.
2:05 of 1st period - Nazem Kadri is hit by Sean Zimmerman and loses puck.
2:14 of 1st period - Andrew Cogliano is hit by Brad Richards and loses puck.
2:22 of 1st period - Penalty to Anton Stralman is over, Anton Stralman is back on ice.
2:35 of 1st period - Snap shot by Martin Samuelsson.
2:35 of 1st period - Shot Misses the Net.
2:55 of 1st period - Slapshot by Keith Aulie.
2:55 of 1st period - Shot Misses the Net.
2:57 of 1st period - Slapshot by Keith Aulie.
2:57 of 1st period - Stopped by Maxime Daigneault without a rebound.
2:58 of 1st period - Martin Samuelsson wins face-off versus Logan Couture in Coyotes zone.
3:12 of 1st period - Slapshot by Matt Donovan.
3:12 of 1st period - Shot Misses the Net.
3:40 of 1st period - Matt Donovan is hit by Matt Corrente and loses puck.
3:55 of 1st period - Brad Richards is hit by Cal Clutterbuck and loses puck.
4:16 of 1st period - Snap shot by Tyler Ennis.
4:16 of 1st period - Stopped by Michal Neuvirth without a rebound.
4:17 of 1st period - Nazem Kadri wins face-off versus Tomas Plekanec in Penguins zone.
4:26 of 1st period - Tyler Ennis is hit by Ales Hemsky.
5:08 of 1st period - Wrist shot by Claude Giroux.
5:08 of 1st period - Stopped by Maxime Daigneault without a rebound.
5:09 of 1st period - Nazem Kadri wins face-off versus Logan Couture in Coyotes zone.
5:20 of 1st period - Logan Couture is hit by Nazem Kadri and loses puck.
5:54 of 1st period - Minor Penalty to Zach Parise for Holding.
5:55 of 1st period - Steven Stamkos wins face-off versus Tyler Ennis in Coyotes zone.
6:33 of 1st period - Slapshot by Keith Aulie.
6:33 of 1st period - Shot Misses the Net.
6:35 of 1st period - Slapshot by Keith Aulie.
6:35 of 1st period - Shot Blocked by Tyler Ennis.
6:50 of 1st period - Kristopher Letang is hit by Steven Stamkos and loses puck.
7:54 of 1st period - Penalty to Zach Parise is over, Zach Parise is back on ice.
8:47 of 1st period - Matt Corrente is hit by Jamie Arniel and loses puck.
9:07 of 1st period - Wrist shot by Ales Hemsky.
9:07 of 1st period - Shot Misses the Net.
9:23 of 1st period - Zach Parise is hit by Logan Couture and loses puck.
10:00 of 1st period - Jamie Arniel is hit by Claude Giroux and loses puck.
11:00 of 1st period - Slapshot by Keith Aulie.
11:00 of 1st period - Shot Misses the Net.
11:02 of 1st period - Slapshot by Sean Zimmerman.
11:02 of 1st period - Shot Misses the Net.
11:04 of 1st period - Wrist shot by Marcus Foligno.
11:04 of 1st period - Stopped by Maxime Daigneault without a rebound.
11:05 of 1st period - Jamie Arniel wins face-off versus Joe Colborne in Coyotes zone.
11:07 of 1st period - Minor Penalty to Josh Gorges for Hooking.
11:08 of 1st period - Steven Stamkos wins face-off versus Tyler Ennis in Coyotes zone.
11:20 of 1st period - Snap shot by Steven Stamkos.
11:20 of 1st period - Shot Misses the Net.
11:24 of 1st period - Snap shot by Steven Stamkos.
11:24 of 1st period - Shot Misses the Net.
11:57 of 1st period - Icing by Claude Giroux.
11:58 of 1st period - Steven Stamkos wins face-off versus Zach Parise in Penguins zone.
13:07 of 1st period - Penalty to Josh Gorges is over, Josh Gorges is back on ice.
13:21 of 1st period - Slapshot by Jamie Arniel.
13:21 of 1st period - Deflect By Martin Samuelsson.
13:21 of 1st period - Stopped by Michal Neuvirth with a rebound.
13:42 of 1st period - Keith Aulie is hit by Michael Del Zotto and loses puck.
14:05 of 1st period - Martin Samuelsson is hit by Sean Bergenheim and loses puck.
15:34 of 1st period - Wrist shot by Tuomo Ruutu.
15:34 of 1st period - Deflect By Ales Hemsky.
15:34 of 1st period - Stopped by Maxime Daigneault with a rebound.
16:00 of 1st period - Minor Penalty to Steven Stamkos for Slashing.
16:01 of 1st period - Nazem Kadri wins face-off versus Claude Giroux in Penguins zone.
16:32 of 1st period - Slapshot by Michael Del Zotto.
16:32 of 1st period - Shot Blocked by Danny DeKeiser.
16:52 of 1st period - Michael Del Zotto is hit by Logan Couture and loses puck.
18:00 of 1st period - Penalty to Steven Stamkos is over, Steven Stamkos is back on ice.
18:19 of 1st period - Jamie Arniel is hit by Keith Aulie.
19:20 of 1st period - Josh Gorges is hit by Claude Giroux and loses puck.
19:52 of 1st period - Icing by Danny DeKeiser.
19:53 of 1st period - Andrew Cogliano wins face-off versus Brad Richards in Penguins zone.
Goals for this period are 0 for Penguins vs 1 for Coyotes.
Shots for this period are 6 for Penguins vs 4 for Coyotes.
2nd period
0:01 of 2nd period - Nazem Kadri wins face-off versus Steven Stamkos in neutral zone.
0:06 of 2nd period - Slapshot by Anton Stralman.
0:06 of 2nd period - Shot Blocked by Sean Zimmerman.
0:08 of 2nd period - Snap shot by Tyler Ennis.
0:08 of 2nd period - Stopped by Michal Neuvirth without a rebound.
0:09 of 2nd period - Steven Stamkos wins face-off versus Nazem Kadri in Penguins zone.
0:22 of 2nd period - Snap shot by Andrew Cogliano.
0:22 of 2nd period - Stopped by Maxime Daigneault with a rebound.
0:40 of 2nd period - Snap shot by Tyler Ennis.
0:40 of 2nd period - Deflect By Steven Stamkos.
0:40 of 2nd period - Shot Blocked by Andrew Cogliano.
0:40 of 2nd period - Puck is out of play.
0:41 of 2nd period - Logan Couture wins face-off versus Zach Parise in Penguins zone.
1:16 of 2nd period - Snap shot by Claude Giroux.
1:16 of 2nd period - Goal by Claude Giroux - Penguins : 1 - Coyotes : 1.
1:17 of 2nd period - Nazem Kadri wins face-off versus Steven Stamkos in neutral zone.
1:22 of 2nd period - Snap shot by Nazem Kadri.
1:22 of 2nd period - Stopped by Michal Neuvirth without a rebound.
1:23 of 2nd period - Andrew Cogliano wins face-off versus Tyler Ennis in Penguins zone.
1:28 of 2nd period - Josh Gorges is hit by Steven Stamkos and loses puck.
1:37 of 2nd period - Wrist shot by Tyler Ennis.
1:37 of 2nd period - Shot Blocked by Keith Aulie.
1:59 of 2nd period - Wrist shot by Evgeny Artyukhin.
1:59 of 2nd period - Shot Blocked by Sean Zimmerman.
2:35 of 2nd period - Snap shot by Nazem Kadri.
2:35 of 2nd period - Stopped by Michal Neuvirth without a rebound.
2:36 of 2nd period - Nazem Kadri wins face-off versus Tomas Plekanec in Penguins zone.
2:37 of 2nd period - Snap shot by Tyler Ennis.
2:37 of 2nd period - Shot Blocked by Victor Hedman.
2:54 of 2nd period - Icing by Tyler Ennis.
2:55 of 2nd period - Steven Stamkos wins face-off versus Nazem Kadri in Coyotes zone.
3:24 of 2nd period - Slapshot by Andrew MacDonald.
3:24 of 2nd period - Stopped by Michal Neuvirth with a rebound.
3:26 of 2nd period - Snap shot by Brad Richards.
3:26 of 2nd period - Shot Misses the Net.
3:28 of 2nd period - Wrist shot by Evgeny Artyukhin.
3:28 of 2nd period - Shot Misses the Net.
3:30 of 2nd period - Snap shot by Thomas Hickey.
3:30 of 2nd period - Shot Blocked by Danny DeKeiser.
3:32 of 2nd period - Wrist shot by Evgeny Artyukhin.
3:32 of 2nd period - Shot Misses the Net.
3:48 of 2nd period - Slapshot by Kristopher Letang.
3:48 of 2nd period - Shot Blocked by Victor Hedman.
3:50 of 2nd period - Snap shot by Martin Samuelsson.
3:50 of 2nd period - Stopped by Michal Neuvirth with a rebound.
3:52 of 2nd period - Slapshot by Anton Stralman.
3:52 of 2nd period - Stopped by Michal Neuvirth with a rebound.
3:54 of 2nd period - Slapshot by Jamie Arniel.
3:54 of 2nd period - Shot Misses the Net.
4:17 of 2nd period - Chris Stewart is hit by Steven Stamkos and loses puck.
4:28 of 2nd period - Josh Gorges is hit by Steven Stamkos and loses puck.
4:47 of 2nd period - Sean Zimmerman is hit by Matt Donovan and loses puck.
6:54 of 2nd period - Snap shot by Tomas Plekanec.
6:54 of 2nd period - Shot Misses the Net.
6:56 of 2nd period - Snap shot by Tomas Plekanec.
6:56 of 2nd period - Penguins goal is going for a video replay.
6:56 of 2nd period - The goal is good.
6:56 of 2nd period - Goal by Tomas Plekanec - Penguins : 2 - Coyotes : 1.
6:57 of 2nd period - Nazem Kadri wins face-off versus Steven Stamkos in neutral zone.
7:24 of 2nd period - Keith Aulie is hit by Evgeny Artyukhin and loses puck.
7:31 of 2nd period - Snap shot by Zach Parise.
7:31 of 2nd period - Stopped by Michal Neuvirth without a rebound.
7:32 of 2nd period - Evgeny Artyukhin wins face-off versus Steven Stamkos in Penguins zone.
7:39 of 2nd period - Snap shot by Zach Parise.
7:39 of 2nd period - Deflect By Evgeny Artyukhin.
7:39 of 2nd period - Shot Misses the Net.
7:39 of 2nd period - Puck is out of play.
7:40 of 2nd period - Steven Stamkos wins face-off versus Brad Richards in Penguins zone.
7:45 of 2nd period - Wrist shot by Zach Parise.
7:45 of 2nd period - Stopped by Michal Neuvirth without a rebound.
7:46 of 2nd period - Steven Stamkos wins face-off versus Nazem Kadri in Penguins zone.
8:04 of 2nd period - Minor Penalty to Andrew Cogliano for Holding.
8:05 of 2nd period - Nazem Kadri wins face-off versus Sean Bergenheim in Penguins zone.
8:12 of 2nd period - Slapshot by Tyler Ennis.
8:12 of 2nd period - Stopped by Michal Neuvirth without a rebound.
8:13 of 2nd period - Nazem Kadri wins face-off versus Claude Giroux in Penguins zone.
8:18 of 2nd period - Snap shot by Nazem Kadri.
8:18 of 2nd period - Shot Misses the Net.
8:30 of 2nd period - Snap shot by Nazem Kadri.
8:30 of 2nd period - Shot Misses the Net.
8:32 of 2nd period - Slapshot by Tyler Ennis.
8:32 of 2nd period - Stopped by Michal Neuvirth with a rebound.
8:48 of 2nd period - Slapshot by Chris Stewart.
8:48 of 2nd period - Stopped by Michal Neuvirth with a rebound.
8:50 of 2nd period - Slapshot by Kristopher Letang.
8:50 of 2nd period - Stopped by Michal Neuvirth without a rebound.
8:51 of 2nd period - Brad Richards wins face-off versus Claude Giroux in Penguins zone.
10:04 of 2nd period - Penalty to Andrew Cogliano is over, Andrew Cogliano is back on ice.
10:18 of 2nd period - Snap shot by Jamie Arniel.
10:18 of 2nd period - Shot Misses the Net.
11:04 of 2nd period - Keith Aulie is hit by Ramzi Abid.
11:50 of 2nd period - Slapshot by Danny DeKeiser.
11:50 of 2nd period - Stopped by Maxime Daigneault without a rebound.
11:51 of 2nd period - Jamie Arniel wins face-off versus Tomas Plekanec in Coyotes zone.
11:56 of 2nd period - Tomas Plekanec is hit by Logan Shaw and loses puck.
12:28 of 2nd period - Slapshot by Claude Giroux.
12:28 of 2nd period - Shot Blocked by Kristopher Letang.
12:58 of 2nd period - Slapshot by Michael Del Zotto.
12:58 of 2nd period - Deflect By Evgeny Artyukhin.
12:58 of 2nd period - Shot Blocked by Steven Stamkos.
12:58 of 2nd period - Puck is out of play.
12:59 of 2nd period - Steven Stamkos wins face-off versus Brad Richards in Penguins zone.
14:11 of 2nd period - Matt Donovan is hit by Matt Corrente and loses puck.
14:34 of 2nd period - Snap shot by Steven Stamkos.
14:34 of 2nd period - Shot Misses the Net.
14:36 of 2nd period - Wrist shot by Andrew Cogliano.
14:36 of 2nd period - Shot Hit the Post.
14:46 of 2nd period - Snap shot by Jamie Arniel.
14:46 of 2nd period - Deflect By Martin Samuelsson.
14:46 of 2nd period - Shot Blocked by Claude Giroux.
14:46 of 2nd period - Puck is out of play.
14:47 of 2nd period - Jamie Arniel wins face-off versus Logan Couture in Penguins zone.
14:52 of 2nd period - Slapshot by Jamie Arniel.
14:52 of 2nd period - Stopped by Michal Neuvirth without a rebound.
14:53 of 2nd period - Steven Stamkos wins face-off versus Nazem Kadri in Penguins zone.
15:20 of 2nd period - Evgeny Artyukhin is hit by Sean Bergenheim and loses puck.
15:33 of 2nd period - Snap shot by Sean Bergenheim.
15:33 of 2nd period - Deflect By Josh Gorges.
15:33 of 2nd period - Shot Misses the Net.
15:33 of 2nd period - Puck is out of play.
15:34 of 2nd period - Nazem Kadri wins face-off versus Joe Colborne in Coyotes zone.
16:00 of 2nd period - Andrew Cogliano is hit by Brad Richards and loses puck.
16:28 of 2nd period - Slapshot by Claude Giroux.
16:28 of 2nd period - Stopped by Maxime Daigneault with a rebound.
17:18 of 2nd period - Off-side.
17:19 of 2nd period - Tyler Ennis wins face-off versus Steven Stamkos in neutral zone.
17:29 of 2nd period - Kristopher Letang is hit by Steven Stamkos and loses puck.
17:46 of 2nd period - Steven Stamkos is hit by Logan Shaw.
17:56 of 2nd period - Wrist shot by Andrew Cogliano.
17:56 of 2nd period - Stopped by Maxime Daigneault with a rebound.
17:58 of 2nd period - Wrist shot by Andrew Cogliano.
17:58 of 2nd period - Shot Misses the Net.
18:00 of 2nd period - Wrist shot by Dustin Brown.
18:00 of 2nd period - Stopped by Maxime Daigneault without a rebound.
18:01 of 2nd period - Sean Bergenheim wins face-off versus Tyler Ennis in Coyotes zone.
18:08 of 2nd period - Slapshot by Logan Couture.
18:08 of 2nd period - Stopped by Maxime Daigneault with a rebound.
18:10 of 2nd period - Slapshot by Logan Couture.
18:10 of 2nd period - Stopped by Maxime Daigneault without a rebound.
18:11 of 2nd period - Nazem Kadri wins face-off versus Logan Couture in Coyotes zone.
18:28 of 2nd period - Wrist shot by Logan Couture.
18:28 of 2nd period - Stopped by Maxime Daigneault without a rebound.
18:29 of 2nd period - Steven Stamkos wins face-off versus Brad Richards in Coyotes zone.
18:32 of 2nd period - Wrist shot by Steven Stamkos.
18:32 of 2nd period - Shot Misses the Net.
18:36 of 2nd period - Slapshot by Steven Stamkos.
18:36 of 2nd period - Goal by Steven Stamkos - Penguins : 3 - Coyotes : 1.
18:37 of 2nd period - Steven Stamkos wins face-off versus Nazem Kadri in neutral zone.
18:48 of 2nd period - Dustin Brown is hit by Kristopher Letang and loses puck.
19:03 of 2nd period - Anton Stralman is hit by Sean Bergenheim and loses puck.
19:46 of 2nd period - Icing by Josh Gorges.
19:47 of 2nd period - Dustin Brown wins face-off versus Jamie Arniel in Coyotes zone.
19:48 of 2nd period - Snap shot by Steven Stamkos.
19:48 of 2nd period - Stopped by Maxime Daigneault with a rebound.
Goals for this period are 3 for Penguins vs 0 for Coyotes.
Shots for this period are 12 for Penguins vs 13 for Coyotes.
3rd period
0:01 of 3rd period - Steven Stamkos wins face-off versus Nazem Kadri in neutral zone.
0:11 of 3rd period - Snap shot by Steven Stamkos.
0:11 of 3rd period - Shot Blocked by Anton Stralman.
0:13 of 3rd period - Slapshot by Keith Aulie.
0:13 of 3rd period - Shot Misses the Net.
0:27 of 3rd period - Sean Bergenheim is hit by Zach Parise and loses puck.
0:49 of 3rd period - Wrist shot by Logan Shaw.
0:49 of 3rd period - Stopped by Michal Neuvirth without a rebound.
0:50 of 3rd period - Jamie Arniel wins face-off versus Joe Colborne in Penguins zone.
1:01 of 3rd period - Slapshot by Jamie Arniel.
1:01 of 3rd period - Shot Hit the Post.
1:03 of 3rd period - Snap shot by Logan Shaw.
1:03 of 3rd period - Shot Blocked by Joe Colborne.
1:40 of 3rd period - Wrist shot by Zach Parise.
1:40 of 3rd period - Shot Misses the Net.
1:42 of 3rd period - Slapshot by Evgeny Artyukhin.
1:42 of 3rd period - Shot Misses the Net.
1:44 of 3rd period - Slapshot by Michael Del Zotto.
1:44 of 3rd period - Stopped by Michal Neuvirth without a rebound.
1:45 of 3rd period - Brad Richards wins face-off versus Logan Couture in Penguins zone.
1:46 of 3rd period - Snap shot by Zach Parise.
1:46 of 3rd period - Stopped by Michal Neuvirth with a rebound.
1:48 of 3rd period - Slapshot by Michael Del Zotto.
1:48 of 3rd period - Stopped by Michal Neuvirth with a rebound.
1:50 of 3rd period - Slapshot by Josh Gorges.
1:50 of 3rd period - Shot Blocked by Claude Giroux.
1:52 of 3rd period - Slapshot by Josh Gorges.
1:52 of 3rd period - Stopped by Michal Neuvirth without a rebound.
1:53 of 3rd period - Nazem Kadri wins face-off versus Steven Stamkos in Penguins zone.
1:57 of 3rd period - Minor Penalty to Andrew Cogliano for Hooking.
1:58 of 3rd period - Nazem Kadri wins face-off versus Claude Giroux in Penguins zone.
2:32 of 3rd period - Wrist shot by Anton Stralman.
2:32 of 3rd period - Deflect By Brad Richards.
2:32 of 3rd period - Stopped by Michal Neuvirth with a rebound.
2:34 of 3rd period - Snap shot by Zach Parise.
2:34 of 3rd period - Goal by Zach Parise - Penguins : 3 - Coyotes : 2.
2:35 of 3rd period - Steven Stamkos wins face-off versus Nazem Kadri in neutral zone.
2:39 of 3rd period - Off-side.
2:40 of 3rd period - Tyler Ennis wins face-off versus Steven Stamkos in neutral zone.
2:43 of 3rd period - Snap shot by Tyler Ennis.
2:43 of 3rd period - Shot Misses the Net.
2:55 of 3rd period - Chris Stewart is hit by Steven Stamkos.
3:21 of 3rd period - Snap shot by Claude Giroux.
3:21 of 3rd period - Shot Misses the Net.
4:19 of 3rd period - Snap shot by Logan Shaw.
4:19 of 3rd period - Shot Misses the Net.
4:53 of 3rd period - Icing by Chris Stewart.
4:54 of 3rd period - Tomas Plekanec wins face-off versus Nazem Kadri in Coyotes zone.
5:25 of 3rd period - Logan Couture is hit by Kristopher Letang and loses puck.
6:00 of 3rd period - Logan Shaw is hit by Joe Colborne.
6:11 of 3rd period - Minor Penalty to Zach Parise for High sticking.
6:12 of 3rd period - Steven Stamkos wins face-off versus Tyler Ennis in Coyotes zone.
8:11 of 3rd period - Penalty to Zach Parise is over, Zach Parise is back on ice.
8:33 of 3rd period - Wrist shot by Tuomo Ruutu.
8:33 of 3rd period - Shot Blocked by Ramzi Abid.
9:13 of 3rd period - Logan Shaw is hit by Matt Corrente and loses puck.
9:17 of 3rd period - Icing by Martin Samuelsson.
9:18 of 3rd period - Joe Colborne wins face-off versus Jamie Arniel in Coyotes zone.
9:43 of 3rd period - Wrist shot by Dustin Brown.
9:43 of 3rd period - Stopped by Maxime Daigneault with a rebound.
10:07 of 3rd period - Slapshot by Nazem Kadri.
10:07 of 3rd period - Shot Blocked by Eric Gryba.
10:09 of 3rd period - Wrist shot by Chris Stewart.
10:09 of 3rd period - Stopped by Michal Neuvirth without a rebound.
10:10 of 3rd period - Logan Couture wins face-off versus Chris Stewart in Penguins zone.
10:15 of 3rd period - Nazem Kadri is hit by Logan Couture.
10:59 of 3rd period - Slapshot by Jamie Arniel.
10:59 of 3rd period - Stopped by Michal Neuvirth without a rebound.
11:00 of 3rd period - Nazem Kadri wins face-off versus Joe Colborne in Penguins zone.
12:21 of 3rd period - Wrist shot by Victor Hedman.
12:21 of 3rd period - Shot Misses the Net.
12:23 of 3rd period - Snap shot by Tomas Plekanec.
12:23 of 3rd period - Stopped by Maxime Daigneault without a rebound.
12:24 of 3rd period - Brad Richards wins face-off versus Steven Stamkos in Coyotes zone.
12:37 of 3rd period - Zach Parise is hit by Steven Stamkos and loses puck.
12:41 of 3rd period - Icing by Michael Del Zotto.
12:42 of 3rd period - Brad Richards wins face-off versus Logan Couture in Coyotes zone.
12:53 of 3rd period - Keith Aulie is hit by Evgeny Artyukhin and loses puck.
12:58 of 3rd period - Wrist shot by Brad Richards.
12:58 of 3rd period - Stopped by Michal Neuvirth with a rebound.
13:00 of 3rd period - Snap shot by Evgeny Artyukhin.
13:00 of 3rd period - Deflect By Zach Parise.
13:00 of 3rd period - Shot Blocked by Keith Aulie.
13:00 of 3rd period - Puck is out of play.
13:01 of 3rd period - Steven Stamkos wins face-off versus Nazem Kadri in Penguins zone.
13:43 of 3rd period - Wrist shot by Andrew Cogliano.
13:43 of 3rd period - Deflect By Dustin Brown.
13:43 of 3rd period - Stopped by Maxime Daigneault without a rebound.
13:44 of 3rd period - Logan Couture wins face-off versus Brad Richards in Coyotes zone.
13:45 of 3rd period - Snap shot by Claude Giroux.
13:45 of 3rd period - Shot Misses the Net.
13:47 of 3rd period - Slapshot by Victor Hedman.
13:47 of 3rd period - Deflect By Logan Couture.
13:47 of 3rd period - Stopped by Maxime Daigneault without a rebound.
13:48 of 3rd period - Brad Richards wins face-off versus Logan Couture in Coyotes zone.
13:50 of 3rd period - Minor Penalty to Evgeny Artyukhin for Holding.
13:51 of 3rd period - Tyler Ennis wins face-off versus Steven Stamkos in Coyotes zone.
15:50 of 3rd period - Penalty to Evgeny Artyukhin is over, Evgeny Artyukhin is back on ice.
16:00 of 3rd period - Wrist shot by Marcus Foligno.
16:00 of 3rd period - Stopped by Maxime Daigneault without a rebound.
16:01 of 3rd period - Jamie Arniel wins face-off versus Joe Colborne in Coyotes zone.
16:01 of 3rd period - Jamie Arniel is hit by Matt Corrente.
16:10 of 3rd period - Minor Penalty to Matt Corrente for High sticking.
16:11 of 3rd period - Claude Giroux wins face-off versus Nazem Kadri in Penguins zone.
16:20 of 3rd period - Snap shot by Tyler Ennis.
16:20 of 3rd period - Shot Blocked by Keith Aulie.
16:22 of 3rd period - Backhand shot by Anton Stralman.
16:22 of 3rd period - Shot Misses the Net.
16:24 of 3rd period - Slapshot by Nazem Kadri.
16:24 of 3rd period - Deflect By Tyler Ennis.
16:24 of 3rd period - Stopped by Michal Neuvirth without a rebound.
16:25 of 3rd period - Nazem Kadri wins face-off versus Claude Giroux in Penguins zone.
16:38 of 3rd period - Slapshot by Anton Stralman.
16:38 of 3rd period - Shot Blocked by Keith Aulie.
17:22 of 3rd period - Snap shot by Chris Stewart.
17:22 of 3rd period - Stopped by Michal Neuvirth without a rebound.
17:23 of 3rd period - Brad Richards wins face-off versus Claude Giroux in Penguins zone.
17:28 of 3rd period - Wrist shot by Evgeny Artyukhin.
17:28 of 3rd period - Shot Blocked by Sean Zimmerman.
17:30 of 3rd period - Slapshot by Michael Del Zotto.
17:30 of 3rd period - Shot Misses the Net.
17:32 of 3rd period - Slapshot by Josh Gorges.
17:32 of 3rd period - Goal by Josh Gorges - Penguins : 3 - Coyotes : 3.
17:33 of 3rd period - Brad Richards wins face-off versus Marcus Foligno in neutral zone.
17:40 of 3rd period - Sean Zimmerman is hit by Anton Stralman.
17:46 of 3rd period - Snap shot by Joe Colborne.
17:46 of 3rd period - Stopped by Maxime Daigneault with a rebound.
17:48 of 3rd period - Snap shot by Cal Clutterbuck.
17:48 of 3rd period - Deflect By Joe Colborne.
17:48 of 3rd period - Goal by Joe Colborne - Penguins : 4 - Coyotes : 3.
17:49 of 3rd period - Tyler Ennis wins face-off versus Joe Colborne in neutral zone.
17:54 of 3rd period - Snap shot by Tyler Ennis.
17:54 of 3rd period - Goal by Tyler Ennis - Penguins : 4 - Coyotes : 4.
17:55 of 3rd period - Tyler Ennis wins face-off versus Joe Colborne in neutral zone.
17:58 of 3rd period - Keith Aulie is hit by Anton Stralman and loses puck.
18:07 of 3rd period - Wrist shot by Zach Parise.
18:07 of 3rd period - Goal by Zach Parise - Penguins : 4 - Coyotes : 5.
18:08 of 3rd period - Joe Colborne wins face-off versus Tyler Ennis in neutral zone.
18:20 of 3rd period - Icing by Kristopher Letang.
18:21 of 3rd period - Joe Colborne wins face-off versus Tyler Ennis in Coyotes zone.
18:34 of 3rd period - Snap shot by Tyler Ennis.
18:34 of 3rd period - Shot Misses the Net.
18:36 of 3rd period - Slapshot by Anton Stralman.
18:36 of 3rd period - Stopped by Michal Neuvirth without a rebound.
18:37 of 3rd period - Jamie Arniel wins face-off versus Steven Stamkos in Penguins zone.
18:38 of 3rd period - Backhand shot by Martin Samuelsson.
18:38 of 3rd period - Stopped by Michal Neuvirth with a rebound.
18:40 of 3rd period - Slapshot by Martin Samuelsson.
18:40 of 3rd period - Stopped by Michal Neuvirth with a rebound.
18:42 of 3rd period - Slapshot by Josh Gorges.
18:42 of 3rd period - Shot Misses the Net.
18:44 of 3rd period - Slapshot by Michael Del Zotto.
18:44 of 3rd period - Shot Blocked by Dustin Brown.
18:46 of 3rd period - Wrist shot by Logan Shaw.
18:46 of 3rd period - Shot Blocked by Sean Zimmerman.
18:48 of 3rd period - Wrist shot by Michael Del Zotto.
18:48 of 3rd period - Stopped by Michal Neuvirth without a rebound.
18:49 of 3rd period - Pat Burns call a timeout for Penguins.
18:49 of 3rd period - Steven Stamkos wins face-off versus Nazem Kadri in Penguins zone.
18:56 of 3rd period - Penguins, Michal Neuvirth is pulled from the net.
19:07 of 3rd period - Wrist shot by Sean Bergenheim.
19:07 of 3rd period - Stopped by Maxime Daigneault with a rebound.
19:15 of 3rd period - Snap shot by Steven Stamkos.
19:15 of 3rd period - Stopped by Maxime Daigneault without a rebound.
19:16 of 3rd period - Steven Stamkos wins face-off versus Nazem Kadri in Coyotes zone.
19:21 of 3rd period - Slapshot by Steven Stamkos.
19:21 of 3rd period - Stopped by Maxime Daigneault with a rebound.
19:35 of 3rd period - Wrist shot by Steven Stamkos.
19:35 of 3rd period - Stopped by Maxime Daigneault with a rebound.
19:37 of 3rd period - Snap shot by Keith Aulie.
19:37 of 3rd period - Deflect By Sean Bergenheim.
19:37 of 3rd period - Shot Misses the Net.
19:37 of 3rd period - Puck is out of play.
19:38 of 3rd period - Nazem Kadri wins face-off versus Steven Stamkos in Coyotes zone.
19:57 of 3rd period - Backhand shot by Claude Giroux.
19:57 of 3rd period - Shot Misses the Net.
19:59 of 3rd period - Wrist shot by Sean Bergenheim.
19:59 of 3rd period - Stopped by Maxime Daigneault with a rebound.
Goals for this period are 1 for Penguins vs 4 for Coyotes.
Shots for this period are 12 for Penguins vs 19 for Coyotes.
Back to the Top